 Dungeon Crawl Stone Soup version 0.21-a0-513-gdcb3f5e (webtiles) character file.

207 Hafrunt the Stinger (level 5, -3/57 HPs)
             Began as a Draconian Venom Mage on Dec 1, 2017.
             Slain by a worm (7 damage)
             ... on level 3 of the Dungeon.
             The game lasted 00:12:35 (3357 turns).

Hafrunt the Stinger (Draconian Venom Mage)          Turns: 3357, Time: 00:12:35

Health: -3/57      AC:  5    Str: 15    XL:     5   Next: 54%
Magic:  1/9        EV: 12    Int: 17    God:
Gold:   110        SH:  0    Dex: 11    Spells: 4/10 levels left

rFire    . . .     SeeInvis .   b - +0 whip (flame)
rCold    . . .     Gourm    .   (no shield)
rNeg     . . .     Faith    .   (armour unavailable)
rPois    .         Spirit   .   (helmet restricted)
rElec    .         Reflect  .   (no cloak)
rCorr    .         Harm     .   (no gloves)
MR       .....                  (no boots)
Stlth    ..........             (no amulet)
HPRegen  0.19/turn              (no ring)
MPRegen  0.11/turn              (no ring)

@: berserking, very quick
A: unfitting armour, cold-blooded, AC +5
a: no special abilities


You were on level 3 of the Dungeon.
You were hungry.

You visited 1 branch of the dungeon, and saw 3 of its levels.

You collected 110 gold pieces.

Inventory:

Hand Weapons
 a - a +0 hunting sling
 b - a +0 whip of flaming (weapon)
Missiles
 l - 152 stones (quivered)
 m - 15 sling bullets
Jewellery
 r - an uncursed amulet of the gourmand {unknown}
Wands
 f - a wand of flame (26)
Scrolls
 c - a scroll of enchant armour {unknown}
 d - 2 scrolls of identify {unknown}
 e - a scroll of amnesia {unknown}
 g - a scroll of teleportation {unknown}
 h - 2 scrolls of immolation {unknown}
 k - a scroll of fear {unknown}
 t - a scroll of random uselessness {unknown}
Potions
 i - a potion of cancellation {unknown}
 s - a potion of might
Books
 j - a Young Poisoner's Handbook

   Spells                             Type                      Level
   a - Sting                          Conjuration/Poison           1
   b - Poisonous Vapours              Poison/Air                   2
   c - Mephitic Cloud                 Conjuration/Poison/Air       3
   d - Olgreb's Toxic Radiance        Poison                       4
   e - Venom Bolt                     Conjuration/Poison           5
Comestibles
 n - 4 chunks of flesh
 u - 3 bread rations


   Skills:
 - Level 1.7 Dodging
 - Level 1.7 Stealth
 + Level 3.2 Spellcasting
 + Level 2.6 Conjurations
 * Level 4.9 Poison Magic


You had 4 spell levels left.
You knew the following spells:

 Your Spells              Type           Power        Failure   Level  Hunger
a - Sting                 Conj/Pois      ###.         3%          1    None
b - Mephitic Cloud        Conj/Pois/Air  ##......     19%         3    ###....
x - Poisonous Vapours     Pois/Air       ##....       10%         2    ##.....


Dungeon Overview and Level Annotations

Branches:
Dungeon (3/15)

Altars:

Portals:
Sewer: D:3


Innate Abilities, Weirdness & Mutations

Your plain brown scales are hard. (AC +5)
You cannot fit into any form of body armour.
You are cold-blooded and may be slowed by cold attacks.


Message History

You barely miss the shadow imp.
Your tail-slap misses the shadow imp.
The orc hits you with a dagger. The shadow imp completely misses you.
You closely miss the shadow imp.
Your tail-slap misses the shadow imp.
The shadow imp barely misses you. The orc hits you with a dagger.
You hit the shadow imp. You burn the shadow imp.
The shadow imp is heavily wounded.
The orc hits you but does no damage. The shadow imp hits you.
The worm barely misses you.
You hit the shadow imp. You burn the shadow imp.
You kill the shadow imp!
The orc hits you but does no damage. The worm bites you!
* * * LOW HITPOINT WARNING * * *
The worm barely misses you. The orc closely misses you.
It was a potion of berserk rage.
A red film seems to cover your vision as you go berserk!
You feel yourself moving faster!
You feel mighty! The orc completely misses you.
The worm bites you but does no damage. The worm bites you!
You die...

#...#*###≈≈###
#≈.≈≈≈≈≈≈≈...#
*≈≈≈≈≈≈≈≈....#
*#≈≈∩####...#*
#≈≈##......#
#≈≈#...###.#
#≈≈#...).).#
###≈≈#...###.#
##≈≈.o@w##
#.##########
##≈..w!.#
#...........
###.....#
############
#..#### ###*
#####


You could see 2 worms and an orc.

Vanquished Creatures
  An orc priest (D:3)
  Jessica (D:2)
  3 adders
  3 gnolls (D:3)
  A shadow imp (D:3)
  An ooze (D:1)
  3 worms (D:2)
  A dart slug (D:3)
  2 leopard geckos (D:2)
  3 orcs (D:3)
  3 giant cockroaches (D:1)
  10 hobgoblins
  3 jackals (D:1)
  8 kobolds
  A ball python (D:2)
  9 bats
  3 frilled lizards
  10 goblins
  5 rats
71 creatures vanquished.

Notes
Turn   | Place    | Note
-------+----------+-------------------------------------------
     0 | D:1      | Hafrunt the Draconian Venom Mage began the quest for the Orb.
     0 | D:1      | Reached XP level 1. HP: 14/14 MP: 3/3
   413 | D:1      | Reached XP level 2. HP: 20/20 MP: 1/5
   439 | D:1      | Learned a level 2 spell: Poisonous Vapours
  1050 | D:1      | Reached XP level 3. HP: 23/26 MP: 2/6
  1562 | D:1      | Learned a level 3 spell: Mephitic Cloud
  1603 | D:2      | Noticed Jessica
  1606 | D:2      | Killed Jessica
  1606 | D:2      | Reached skill level 4 in Poison Magic
  1606 | D:2      | Reached XP level 4. HP: 33/33 MP: 2/8
  3119 | D:3      | Reached XP level 5. HP: 22/38 MP: 5/9
  3319 | D:3      | Found a glowing drain.
  3357 | D:3      | Slain by a worm

Vault maps used:
D:1:      minmay_arrival_four_houses, minmay_heptomino_w4
D:2:      serial_forest, infiniplex_forest_clump_diagonal,
          infiniplex_forest_lined_1, infiniplex_forest_end_3,
          infiniplex_forest_straight_2, infiniplex_forest_end_2,
          infiniplex_forest_straight_2, infiniplex_forest_3_way, first_bread,
          uniq_jessica
D:3:      lemuel_coloured_pillars_altar, cheibrodos_sewer_entry_bend,
          uniq_terence

Skill      XL: |  1  2  3  4 |
---------------+-------------+-----
Conjurations   | 2 |  2.6
Poison Magic   | 4 |  4.9
Spellcasting   | 3 |  3.2
Dodging        | |  1.7
Stealth        | |  1.7

Action                   |  1- 3 |  4- 6 || total
-------------------------+-------+-------++-------
Melee: Unarmed           |    91 |    22 ||   113
       Tailslap          |    11 |     4 ||    15
       Whip              |       |    35 ||    35
 Fire: Hunting sling     |       |     4 ||     4
 Cast: Sting             |    41 |    67 ||   108
       Poisonous Vapours |     7 |     9 ||    16
       Mephitic Cloud    |       |     1 ||     1
  Use: Scroll            |       |     3 ||     3
       Potion            |       |     2 ||     2
  Eat: Chunk             |     3 |     6 ||     9
Armor: Skin              |    29 |    19 ||    48
Dodge: Dodged            |    75 |    45 ||   120

Table legend:
 A = Spawn XP
 B = Non-spawn XP
 C = Spawn XP percentage of total XP
 D = Spawn monster count
 E = Non-spawn monster count
 F = Spawn count percentage of total count
 G = Total turns spent on level
                    A         B        C        D         E        F      G
               +---------+---------+-------+---------+---------+-------+---------
         Total |       0 |     296 |   0.0 |       0 |      71 |   0.0 |  3357
               +---------+---------+-------+---------+---------+-------+---------
           D:1 |       0 |      66 |   0.0 |       0 |      37 |   0.0 |  1563
           D:2 |       0 |      93 |   0.0 |       0 |      22 |   0.0 |  1363
           D:3 |       0 |     137 |   0.0 |       0 |      12 |   0.0 |   431
               +---------+---------+-------+---------+---------+-------+---------
